 Dungeon Crawl Stone Soup version 0.31-a0-210-gccc998df9b (webtiles) character file.

Game seed: 7814476179773515497

366 Pooter the Chopper (level 6, -4/56 HPs)
             Began as a Minotaur Berserker on June 30, 2023.
             Was a Believer of Trog.
             Killed from afar by an orc wizard (5 damage)
             ... with a magic dart
             ... on level 5 of the Dungeon.
             The game lasted 00:15:07 (2574 turns).

Pooter the Chopper (Minotaur Berserker)             Turns: 2574, Time: 00:15:07

Health: -4/56      AC:  8    Str: 23    XL:     6   Next: 40%
Magic:  5/5        EV: 10    Int:  4    God:    Trog [**....]
Gold:   54         SH:  0    Dex: 10    Spells: 5/5 levels left

rFire   . . .        a - +2 quarterstaff (chaos)
rCold   . . .        (shield currently unavailable)
rNeg    . . .        m - +0 scale mail
rPois   .            (helmet restricted)
rElec   .            p - +0 cloak
rCorr   .            (no gloves)
SInv    .            o - +0 pair of boots
Will    .....        (no amulet) Stlth
                     (no ring)
HPRegen 0.29/turn    (no ring)
MPRegen 0.09/turn

%: no passive effects
@: on berserk cooldown, slowed, very slow
A: horns 2, retaliatory headbutt
a: Renounce Religion, Berserk, Trog's Hand


You were on level 5 of the Dungeon.
You worshipped Trog.
Trog was pleased with you.
You visited 1 branch of the dungeon, and saw 6 of its levels.

You collected 143 gold pieces.
You spent 89 gold pieces at shops.

Inventory:

Hand Weapons
 a - a +2 quarterstaff of chaos (weapon)
   (You took it off Crazy Yiuf on level 2 of the Dungeon)
 b - a +0 sling of flaming
   (You bought it in a shop on level 2 of the Dungeon)
 q - a +0 hand axe
Missiles
 g - 5 silver javelins (quivered)
 Q - 35 stones
Armour
 m - a +0 scale mail (worn)
   (You took it off Ijyb on level 3 of the Dungeon)
 o - a +0 pair of boots (worn)
   (You found it on level 2 of the Dungeon)
 p - a +0 cloak (worn)
   (You took it off Crazy Yiuf on level 2 of the Dungeon)
Wands
 x - a wand of acid (12)
   (You took it off Ijyb on level 3 of the Dungeon)
Scrolls
 f - a scroll of silence
 h - a scroll of immolation {!r}
 i - 2 scrolls of noise {unknown}
 k - a scroll of enchant weapon
 t - a scroll of fear {unknown}
Potions
 c - a potion of attraction {unknown}
 d - 3 potions of ambrosia
 e - a potion of mutation {unknown}
 j - a potion of lignification {unknown}
 l - 2 potions of curing {unknown}
 n - a potion of brilliance {unknown}
 s - a potion of degeneration {unknown}


   Skills:
 + Level 5.0 Fighting
 * Level 6.2 Axes
 * Level 3.7 Ranged Weapons
 - Level 2.4 Armour
 - Level 2.1 Dodging
 - Level 1.4 Stealth


You had 5 spell levels left.
You didn't know any spells.
Your spell library was empty.

Dungeon Overview and Level Annotations

Branches:
Dungeon (6/15) Zot: 26814
 Temple: D:4-7

Altars:
Kikubaaqudgha
Okawaru
Qazlal
Ru

Shops:
D:2 (   D:3 ?:(   D:5 [[[(


Innate Abilities, Weirdness & Mutations

You have a pair of horns on your head.
You reflexively headbutt those who attack you in melee.


Message History

You miss something. Something hits you but does no damage.
The orc priest mumbles some strange prayers to Beogh against you.
Beogh smites you!
* * * LOW HITPOINT WARNING * * *
The river rat barely misses you.
You sock the river rat!
Lightning courses through the river rat!
You kill the river rat!
Trog accepts your kill.
Unknown command.
You sock the orc!
You kill the orc!
Trog accepts your kill.
Your skin stops crawling.
You feel less strong-willed.
The orc priest calls down the wrath of Beogh upon you.
Beogh smites you!
* * * LOW HITPOINT WARNING * * *
Something hits you.
* * * LOW HITPOINT WARNING * * *
You barely miss the orc priest. You headbutt the orc priest!
You kill the orc priest!
Trog accepts your kill. Something hits you but does no damage.
Your Fighting skill increases to level 5!
You sock the orc priest! You freeze the orc priest.
Your headbutt misses the orc priest.
The orc priest invokes the aid of Beogh against you.
Pain shoots through your body!
* * * LOW HITPOINT WARNING * * *
Something hits you but does no damage.
You sock the orc priest! You freeze the orc priest.
You kill the orc priest!
Trog accepts your kill.
You hear some strange, mumbled words.
A puff of flame appears from out of thin air!
The puff of flame hits you!
* * * LOW HITPOINT WARNING * * *
You barely miss the worm.
Unknown command.
You bludgeon the worm!!
You kill the worm!
Trog accepts your kill.
You are no longer berserk.
You are exhausted.
You feel yourself slow down.
You hear some strange, mumbled words.
A magic dart appears from out of thin air!
The magic dart hits you.
You die...

,,,,###......#+#*...# **,**
,*,,,,###......###..# *,,,*
**,**,,,###...).....# ***,,,*
*,,*,,*,,,###..#....###*,,,***
*********#######......###.#**
,,,,,,,,*..................,**
,,,,,∩,,*#.........###..#..,,*
,,,,,,,,,,..#..........##**,,*
,,,,,,,,,*.*###{@..!...#**,,,*
,,,,,,,,,****#.)###.#.##,,,,,*
,,,,,,,,,**,,#..*,,.###,,,,,,*
,,,,,,,,,,,,....,,,..**,,,,,,*
,,,,,,,,,,,.....~,,...,,,,,,,*
*,,,*,,,,...~.~~~~~....**,,,**
**,,**,,,..~~#~#~****###**,,*
**,,,****..~~~~~~~~~* *,**
,,,,,*,,*,,********~* ***


There were no monsters in sight!

Vanquished Creatures
  A scorpion (D:5)
  2 hounds
  2 orc priests (D:5)
  Crazy Yiuf (D:2)
  An iguana (D:3)
  Ijyb (D:3)
  4 adders
  3 river rats (D:5)
  2 worms
  A dart slug (D:1)
  4 orcs
  3 ball pythons
  3 endoplasms
  A giant cockroach (D:1)
  2 goblins
  5 hobgoblins
  3 kobolds
  2 quokkas (D:1)
  3 bats
  3 frilled lizards
  2 rats
49 creatures vanquished.

Notes
Turn   | Place    | Note
-------+----------+-------------------------------------------
     0 | D:1      | Pooter the Minotaur Berserker began the quest for the Orb.
     0 | D:1      | Reached XP level 1. HP: 19/19 MP: 0/0
   273 | D:1      | Found a faded altar of an unknown god.
   285 | D:1      | Reached XP level 2. HP: 26/27 MP: 1/1
   324 | D:1      | Reached skill level 4 in Axes
   334 | D:1      | Reached skill level 1 in Stealth
   769 | D:2      | Found a runed translucent door.
   770 | D:2      | Noticed Crazy Yiuf
   815 | D:2      | Found an iron altar of Okawaru.
   968 | D:2      | Reached XP level 3. HP: 32/33 MP: 2/2
  1411 | D:2      | Found Beaclocs's Weapon Shop.
  1416 | D:2      | Bought a +0 sling of flaming for 61 gold pieces
  1690 | D:2      | Killed Crazy Yiuf
  1691 | D:2      | Reached skill level 1 in Ranged Weapons
  1851 | D:3      | Noticed Ijyb
  1859 | D:3      | Killed Ijyb
  1860 | D:3      | Reached XP level 4. HP: 40/40 MP: 3/3
  1939 | D:3      | Reached skill level 5 in Axes
  2001 | D:3      | Found Seig's Book Emporium.
  2001 | D:3      | Noticed a walking divine tome
  2001 | D:3      | Noticed a walking crystal tome
  2053 | D:3      | Reached XP level 5. HP: 47/47 MP: 4/4
  2056 | D:3      | Found Geolah's Magic Scroll Shoppe.
  2067 | D:3      | Bought a scroll of identify for 28 gold pieces
  2204 | D:3      | Found Eqebrad's Weapon Shop.
  2291 | D:3      | Found an ancient bone altar of Kikubaaqudgha.
  2317 | D:4      | You fall into a shaft and drop 2 floors!
  2320 | D:6      | Found a stormy altar of Qazlal.
  2351 | D:6      | Found a sacrificial altar of Ru.
  2397 | D:5      | Entered Level 5 of the Dungeon
  2414 | D:5      | Found Gownoeng's Weapon Emporium.
  2416 | D:5      | Found Gyinkol's Antique Armour Boutique.
  2416 | D:5      | Found Pokh's Armour Boutique.
  2416 | D:5      | Found Inos's Antique Armour Emporium.
  2446 | D:5      | Reached ** piety under Trog
  2447 | D:5      | Reached XP level 6. HP: 55/55 MP: 5/5
  2566 | D:5      | Reached skill level 6 in Axes
  2571 | D:5      | Reached skill level 5 in Fighting
  2572 | D:5      | HP: 1/84 [something/puff of flame (8)]
  2574 | D:5      | Killed from afar by an orc wizard

Illustrated notes

Levels and vault maps discovered:
D:1:      minmay_arrival_semitransparent, layout_loops_ring,
          shapermc_ecumenical_altar_mp_ritualfount, serial_bayou_crossing
D:2:      layout_loops_corners, basic_altar, serial_shops, shop,
          kennysheep_generic_room_15, uniq_crazy_yiuf_cottage
D:3:      layout_basic, mainiacjoe_overflow_alcove_4, serial_shops,
          nicolae_shop_mannequins, nicolae_shop_stone, nicolae_shop_trees,
          uniq_ijyb
D:4:      layout_basic, serial_shops, nicolae_shop_rolling_square, shop,
          nicolae_shop_tiny_real_fake_doors, nicolae_shop_waterfront,
          nicolae_shop_drivethru
D:5:      minmay_razor_zed, layout_cave_pools, mainiacjoe_overflow_alcove_1,
          serial_shops, shop, lightli_sewer_entry_pipes,
          nicolae_wooded_promenade
D:6:      wander_river, layout_rooms, mainiacjoe_overflow_tiny_flanked,
          mainiacjoe_overflow_alcove_2

Skill      XL: |  1  2  3  4  5  6 |
---------------+-------------------+-----
Axes           | 4 5 6 |  6.2
Stealth        | 1 |  1.4
Fighting       | 4 5 |  5.0
Ranged Weapons | 1 2 3 |  3.7
Armour         | |  2.4
Dodging        | |  2.1

Action                     |  1- 3 |  4- 6 || total
---------------------------+-------+-------++-------
  Melee: Hand axe          |    63 |    21 ||    84
         Headbutt          |     7 |     6 ||    13
         Punch             |     1 |       ||     1
         Quarterstaff      |       |    19 ||    19
   Fire: Sling             |    15 |    48 ||    63
 Invoke: Berserk           |     2 |     1 ||     3
         Trog's Hand       |       |     1 ||     1
    Use: Scroll            |     3 |     4 ||     7
   Stab: Sleeping          |     2 |       ||     2
 Armour: Animal skin       |    11 |       ||    11
         Scale mail        |       |    23 ||    23
  Dodge: Dodged            |    46 |    23 ||    69

Table legend: (Time is in decaauts)
 A = Elapsed time spent in this place.
 B = Non-inter-level travel time spent in this place.
 C = Inter-level travel time spent in this place.
 D = Time resting spent in this place.
 E = Time spent auto-exploring this place.
 F = Levels seen in this place.
 G = Mean time per level.
                   A        B        C        D        E       F      G
               +--------+--------+--------+--------+--------+-----+--------+
         Total |   2622 |   2531 |     91 |    165 |   1751 |   6 |  437.0 |
       Dungeon |   2622 |   2531 |     91 |    165 |   1751 |   6 |  437.0 |
               +--------+--------+--------+--------+--------+-----+--------+

Top non-repeatable levels by time:
     D:2: 1139 daAuts
     D:1: 721 daAuts
     D:3: 497 daAuts
     D:5: 184 daAuts
     D:6: 80 daAuts
